 Dungeon Crawl Stone Soup version 0.23-a0-336-g43d87f4c55 (webtiles) character file.

327 Ablot the Charmwright (level 6, -4/51 HPs)
             Began as a Gnoll Skald on Oct 18, 2018.
             Killed from afar by an orc wizard (10 damage)
             ... with a magic dart
             ... on level 4 of the Dungeon.
             The game lasted 00:05:12 (1935 turns).

Ablot the Charmwright (Gnoll Skald)                 Turns: 1935, Time: 00:05:13

Health: -4/51      AC:  3    Str: 14    XL:     6   Next: 50%
Magic:  16/23      EV: 14    Int: 16    God:
Gold:   122        SH:  0    Dex: 15    Spells: 4/15 levels left

rFire    . . .     SeeInvis .   a - +0 trident
rCold    . . .     Gourm    +   (no shield)
rNeg     . . .     Faith    .   b - +0 leather armour
rPois    +         Spirit   .   (no helmet)
rElec    .         Reflect  .   (no cloak)
rCorr    .         Harm     .   (no gloves)
MR       .....                  (no boots)
Stlth    ++........             y - amulet of the gourmand
HPRegen  0.17/turn              c - ring of magical power
MPRegen  0.18/turn              v - ring of poison resistance

@: singing (expiring)
A: distributed training, fangs 1, strong nose
a: no special abilities


You were on level 4 of the Dungeon.
You were hungry.

You visited 1 branch of the dungeon, and saw 4 of its levels.

You collected 122 gold pieces.

Inventory:

Hand Weapons
 a - a +0 trident (weapon)
 j - a cursed -1 short sword
Missiles
 g - 113 stones (quivered)
 h - 25 arrows
 l - 37 bolts
Armour
 b - a +0 leather armour (worn)
Jewellery
 c - a ring of magical power (left hand)
 v - a ring of poison resistance (right hand)
 y - an amulet of the gourmand (around neck)
Wands
 o - a wand of iceblast (21)
 r - a wand of scattershot (4)
Scrolls
 f - a scroll of remove curse
 m - 3 scrolls of teleportation
 q - a scroll of magic mapping {unknown}
 u - 2 scrolls of identify {unknown}
 w - 2 scrolls of amnesia {unknown}
 x - a scroll of enchant weapon {unknown}
Potions
 e - a potion of curing {unknown}
 i - a potion of degeneration {unknown}
 k - 2 potions of magic {unknown}
 n - 2 potions of brilliance {unknown}
 p - a potion of berserk rage {unknown}
 t - a potion of haste {unknown}
 z - 2 potions of flight {unknown}
Comestibles
 d - 5 rations


   Skills:
 + Level 5.0 Fighting
 + Level 2.0 Short Blades
 + Level 2.0 Long Blades
 + Level 2.0 Axes
 + Level 2.0 Maces & Flails
 + Level 5.0 Polearms
 + Level 2.0 Staves
 + Level 2.0 Slings
 + Level 2.0 Bows
 + Level 2.0 Crossbows
 + Level 2.0 Throwing
 + Level 3.2 Armour
 + Level 5.0 Dodging
 + Level 2.0 Stealth
 + Level 2.0 Shields
 + Level 2.0 Unarmed Combat
 + Level 5.3 Spellcasting
 + Level 1.5 Conjurations
 + Level 1.5 Hexes
 + Level 5.6 Charms
 + Level 1.5 Summonings
 + Level 1.5 Necromancy
 + Level 1.5 Translocations
 + Level 1.5 Transmutations
 + Level 1.5 Fire Magic
 + Level 1.5 Ice Magic
 + Level 1.5 Air Magic
 + Level 1.5 Earth Magic
 + Level 1.5 Poison Magic
 + Level 2.1 Invocations
 + Level 2.0 Evocations


You had 4 spell levels left.
You knew the following spells:

 Your Spells              Type           Power        Failure   Level  Hunger
a - Infusion              Chrm           ###.         1%          1    None
b - Song of Slaying       Chrm           ###.....     2%          2    #......
c - Shroud of Golubria    Chrm/Tloc      ###.......   6%          2    #......
d - Regeneration          Chrm/Necr      ###.......   12%         3    ###....
e - Spectral Weapon       Hex/Chrm       ###.....     12%         3    ###....

Your spell library contained the following spells:

 Spells                   Type           Power        Failure   Level  Hunger


Dungeon Overview and Level Annotations

Branches:
Dungeon (4/15)
 Temple: D:4-7

Altars:
Cheibriados
Gozag
Makhleb
Trog


Innate Abilities, Weirdness & Mutations

Your experience applies equally to all skills.
You have very sharp teeth.
Your uncanny sense of smell can sniff out nearby items.


Message History

The jackal bites you but does no damage.
Found a stone staircase leading down.
You closely miss the jackal. The jackal misses you. The jackal bites you.
* * * LOW HITPOINT WARNING * * *
The jackal barely misses you.
You closely miss the jackal. The jackal completely misses you.
The jackal bites you.
* * * LOW HITPOINT WARNING * * *
The jackal bites you but does no damage.
The orc warrior barely misses you. The jackal bites you.
* * * LOW HITPOINT WARNING * * *
The jackal completely misses you.
The jackal bites you but does no damage.
You puncture the jackal!
You kill the jackal!
Your song is almost over.
The jackal closely misses you.
A magic dart appears from out of thin air!
The magic dart hits you!
You die...

###### #....# #....#
#....# #....# #####
...######)##########....
>.....<@................
......hoh{##########....
...######a# #.#.. ... ..
#.# #.#.. ...#. #.#
#.#.. ...#.###.# #....
#...o..#a# ###.#
#....o.#o# #.#
.......#(# #.#


You could see an orc warrior, a worker ant and 2 jackals.

Vanquished Creatures
  An ogre (D:4)
  A hound (D:4)
  A worker ant (D:4)
  8 gnolls
  An adder (D:4)
  2 oozes
  An adder skeleton (D:4)
  2 worms
  A dart slug (D:1)
  4 leopard geckos
  10 orcs
  A ball python (D:2)
  5 bats (D:1)
  A giant cockroach (D:2)
  7 hobgoblins
  A jackal (D:4)
  4 kobolds
  A quokka (D:3)
  2 frilled lizards
  6 goblins
  11 rats
71 creatures vanquished.

Vanquished Creatures (others)
  2 spectral weapons (D:4)
2 creatures vanquished.

Grand Total: 73 creatures vanquished

Notes
Turn   | Place    | Note
-------+----------+-------------------------------------------
     0 | D:1      | Ablot the Gnoll Skald began the quest for the Orb.
     0 | D:1      | Reached XP level 1. HP: 20/20 MP: 6/6
    86 | D:1      | Reached XP level 2. HP: 26/26 MP: 7/7
    95 | D:1      | Learned a level 2 spell: Song of Slaying
    98 | D:1      | Learned a level 2 spell: Shroud of Golubria
   562 | D:2      | Found a snail-covered altar of Cheibriados.
   568 | D:2      | Found a burning altar of Makhleb.
   576 | D:2      | Reached XP level 3. HP: 31/31 MP: 9/9
   585 | D:2      | Reached skill level 5 in Spellcasting
   677 | D:2      | Reached skill level 1 in Invocations
   685 | D:2      | Reached skill level 1 in Short Blades
   685 | D:2      | Reached skill level 1 in Long Blades
   685 | D:2      | Reached skill level 1 in Axes
   685 | D:2      | Reached skill level 1 in Maces & Flails
   685 | D:2      | Reached skill level 1 in Staves
   685 | D:2      | Reached skill level 1 in Slings
   685 | D:2      | Reached skill level 1 in Bows
   685 | D:2      | Reached skill level 1 in Crossbows
   685 | D:2      | Reached skill level 1 in Throwing
   685 | D:2      | Reached skill level 1 in Stealth
   685 | D:2      | Reached skill level 1 in Shields
   685 | D:2      | Reached skill level 1 in Unarmed Combat
   685 | D:2      | Reached skill level 1 in Evocations
   685 | D:2      | Reached XP level 4. HP: 27/38 MP: 6/11
   817 | D:2      | Learned a level 3 spell: Regeneration
   821 | D:2      | Learned a level 3 spell: Spectral Weapon
  1211 | D:3      | Reached skill level 1 in Conjurations
  1211 | D:3      | Reached skill level 1 in Hexes
  1211 | D:3      | Reached skill level 1 in Summonings
  1211 | D:3      | Reached skill level 1 in Necromancy
  1211 | D:3      | Reached skill level 1 in Translocations
  1211 | D:3      | Reached skill level 1 in Transmutations
  1211 | D:3      | Reached skill level 1 in Fire Magic
  1211 | D:3      | Reached skill level 1 in Ice Magic
  1211 | D:3      | Reached skill level 1 in Air Magic
  1211 | D:3      | Reached skill level 1 in Earth Magic
  1211 | D:3      | Reached skill level 1 in Poison Magic
  1355 | D:3      | Found a bloodstained altar of Trog.
  1552 | D:4      | Reached XP level 5. HP: 43/43 MP: 12/12
  1585 | D:4      | Found an opulent altar of Gozag.
  1650 | D:4      | Noticed an ogre
  1663 | D:4      | HP: 2/43 [ogre/+0 giant club (12)]
  1664 | D:4      | Killed an ogre
  1664 | D:4      | Reached XP level 6. HP: 3/50 MP: 13/14
  1675 | D:4      | Reached skill level 5 in Fighting
  1675 | D:4      | Reached skill level 5 in Polearms
  1675 | D:4      | Reached skill level 5 in Dodging
  1909 | D:4      | Noticed an orc warrior
  1935 | D:4      | Killed from afar by an orc wizard

Vault maps used:
D:1:      minmay_arrival_loop, minmay_misc_feat_five, minmay_misc_feat_iff,
          st_stairs_3, minmay_pentomino_o4
D:2:      grunt_temple_overflow_open, dk_noncrumbling_4
D:3:      bloody_trog, first_ration
D:4:      minitemple, nicolae_gozag_seed_capital

Skill      XL: |  1  2  3  4  5  6 |
---------------+-------------------+-----
Spellcasting   | 5 |  5.3
Invocations    | 1 2 |  2.1
Short Blades   | 1 2 |  2.0
Long Blades    | 1 2 |  2.0
Axes           | 1 2 |  2.0
Maces & Flails | 1 2 |  2.0
Staves         | 1 2 |  2.0
Slings         | 1 2 |  2.0
Bows           | 1 2 |  2.0
Crossbows      | 1 2 |  2.0
Throwing       | 1 2 |  2.0
Stealth        | 1 2 |  2.0
Shields        | 1 2 |  2.0
Unarmed Combat | 1 2 |  2.0
Evocations     | 1 2 |  2.0
Conjurations   | 1 |  1.5
Hexes          | 1 |  1.5
Summonings     | 1 |  1.5
Necromancy     | 1 |  1.5
Translocations | 1 |  1.5
Transmutations | 1 |  1.5
Fire Magic     | 1 |  1.5
Ice Magic      | 1 |  1.5
Air Magic      | 1 |  1.5
Earth Magic    | 1 |  1.5
Poison Magic   | 1 |  1.5
Armour         | 3 |  3.2
Fighting       | 5 |  5.0
Polearms       | 5 |  5.0
Dodging        | 5 |  5.0
Charms         | |  5.6

Action                   |  1- 3 |  4- 6 || total
-------------------------+-------+-------++-------
Melee: Spear             |   106 |    22 ||   128
       Bite              |     8 |     7 ||    15
       Trident           |       |    77 ||    77
       Punch             |       |     3 ||     3
Throw: Stone             |       |     2 ||     2
 Cast: Infusion          |     2 |     1 ||     3
       Shroud of Golubri |     1 |     5 ||     6
       Song of Slaying   |     1 |     3 ||     4
       Regeneration      |       |     5 ||     5
       Spectral Weapon   |       |     4 ||     4
  Use: Scroll            |       |     2 ||     2
 Stab: Sleeping          |       |     4 ||     4
       Distracted        |       |     1 ||     1
  Eat: Chunk             |       |     4 ||     4
Armor: Leather armour    |    11 |     9 ||    20
Dodge: Dodged            |    51 |    50 ||   101

Table legend:
 A = Non-vault XP
 B = Vault XP
 C = Vault XP percentage of total XP
 D = Non-vault monster count
 E = Vault monster count
 F = Vault count percentage of total count
                 A         B        C        D         E       F
            +---------+---------+-------+---------+---------+-------
      Total |     460 |       8 |   1.7 |      66 |       5 |   7.0
            +---------+---------+-------+---------+---------+-------
        D:1 |      23 |       8 |  25.8 |      14 |       5 |  26.3
        D:2 |      93 |       0 |   0.0 |      22 |       0 |   0.0
        D:3 |      26 |       0 |   0.0 |      10 |       0 |   0.0
        D:4 |     318 |       0 |   0.0 |      20 |       0 |   0.0
            +---------+---------+-------+---------+---------+-------
